Unix NetHack Version 5.0.0-0 post-release - last build May 17 2026 04:57:42 (dc50c8380fa5e20985bfe3072449f57b8d9895ef,branch:main).

Game began 2026-05-21 06:53:14, ended 2026-05-21 07:32:06.

Grufus, neutral female human Wizard

     ---.--
    --.....
   --......
  --........
  |...<@....-
  |..........-
  --.....|..%..
   |....-- -..-
   --.---  |^--
    ---  --|.|
       ---.|)-
       |......
       |.--....
       ---|-..-
          |.%.|
          |...-

Grufus the Conjurer       St:9 Dx:13 Co:15 In:18 Wi:10 Ch:9  Neutral
Dlvl:5  $:57 HP:0(43) Pw:52(52) AC:7  Xp:5 T:2196  Satiated Blind Deaf

Latest messages:
 What do you want to zap? [c or ?*] c
 A lit field surrounds you!
 You can't go up here.
 You descend the stairs.
 You are momentarily blinded by a flash of light!
 You hear a deafening roar!
 You feel an unseen monster!
 It is missed.
 You are hit.
 It explodes!
 You seem unaffected by it.
 You feel an unseen monster!
 It just misses!
 It hits!
 It hits!
 It bites!
 Wait!  There's something there you can't see!
 It misses!
 It hits!
 It hits!
 It hits!
 It hits!
 You hit it.
 It hits!
 It misses!
 It hits!
 It hits!
 Are you sure you want to pray? [yn] (n) y
 You begin praying to Thoth.
 You feel something move nearby.
 You feel something move nearby.
 You feel something move nearby.
 You feel something move nearby.
 You feel something move nearby.
 You feel something move nearby.
 You feel something move nearby.
 You feel something move nearby.
 You feel something move nearby.
 You feel something move nearby.
 You feel something move nearby.
 You finish your prayer.
 You feel that Thoth is well-pleased.
 Wait!  There's something there you can't see!
 It just misses!
 It hits!
 It hits!
 It hits!
 You die...
 Do you want your possessions identified? [ynq] (y) y
 Do you want to see your attributes? [ynq] (y) q

Inventory:
 Coins    ('$')
  $ - 57 gold pieces
 Weapons  (')')
  a - a blessed +2 quarterstaff (weapon in hands)
 Armor    ('[')
  b - an uncursed burnt +0 cloak of magic resistance (being worn)
  p - an uncursed +0 studded leather armor (being worn)
 Comestibles  ('%')
  v - an uncursed food ration
  z - an uncursed lembas wafer
 Scrolls  ('?')
  y - an uncursed scroll of amnesia
  i - 2 uncursed scrolls of confuse monster
  E - a cursed scroll of identify
  F - an uncursed scroll of light
  B - an uncursed scroll of taming
  A - a blessed scroll of teleportation
 Spellbooks  ('+')
  l - an uncursed spellbook of confuse monster
  k - a blessed spellbook of force bolt
 Potions  ('!')
  G - a cursed potion of full healing
  q - 3 uncursed potions of healing
  h - a blessed potion of levitation
  f - a blessed potion of monster detection
  g - 2 uncursed potions of oil (lit)
  o - an uncursed potion of paralysis
 Rings    ('=')
  e - an uncursed +1 ring of adornment
  H - an uncursed ring of free action
  r - an uncursed ring of protection from shape changers (on right hand)
  d - an uncursed ring of slow digestion (on left hand)
 Wands    ('/')
  c - a wand of light (0:13)
 Tools    ('(')
  n - an uncursed blindfold
  m - a magic marker (0:19)
  D - an uncursed mirror
  C - an uncursed skeleton key
 Gems/Stones  ('*')
  I - an uncursed worthless piece of orange glass

Grufus the Wizard's attributes:

Background:
 You were a Conjurer, a level 5 female human Wizard.
 You were neutral, on a mission for Thoth
 who was opposed by Ptah (lawful) and Anhur (chaotic).
 You were right-handed.
 You were in the Gnomish Mines, on level 5.
 You entered the dungeon 2196 turns ago.
 You had 195 experience points, 125 more were needed to attain level 6.

Basics:
 You had 0 out of 43 hit points.
 You had all 52 energy points (spell power).
 Your armor class was 7.
 Your wallet contained 57 zorkmids.
 Autopickup was off.

Final Characteristics:
 Your strength was 9 (peak:10, limit:18/100).
 Your dexterity was 13 (limit:18).
 Your constitution was 15 (limit:18).
 Your intelligence was 18 (limit:18).
 Your wisdom was 10 (limit:18).
 Your charisma was 9 (limit:18).

Final Status:
 You were temporarily blind.
 You were deaf.
 You were satiated.
 You were unencumbered.
 You were wielding a quarterstaff.
 You had basic skill with quarterstaff.

Final Attributes:
 You were devoutly aligned.
 You were magic-protected.
 You had slower digestion.
 You were warded.
 You were protected from shape changers.
 You are dead.

Miscellaneous:
 You didn't encounter any bones levels.
 Total elapsed playing time was 36 minutes and 35 seconds.

Major events:
 Turn
    1: Grufus the neutral female human Wizard entered the dungeon
  813: attained the rank of Conjurer (level 3)
 1174: read a Discworld novel
 1613: entered the Gnomish Mines
 2196: killed by a hill orc

Spells:
 Name                 Level Category     Fail Retention
 force bolt             1   attack         0%   81%-90%
 confuse monster        1   enchantment    0%   81%-90%
 protection             1   clerical       0%  76%-100%

Skills:
 Fighting Skills
   bare handed combat [Unskilled]
   riding             [Unskilled]
 Weapon Skills
   dagger             [Unskilled]
   knife              [Unskilled]
   axe                [Unskilled]
   short sword        [Unskilled]
   club               [Unskilled]
   mace               [Unskilled]
   quarterstaff       [Basic]
   polearms           [Unskilled]
   spear              [Unskilled]
   trident            [Unskilled]
   sling              [Unskilled]
   dart               [Unskilled]
   shuriken           [Unskilled]
 Spellcasting Skills
   attack spells      [Basic]
   healing spells     [Unskilled]
   divination spells  [Unskilled]
   enchantment spells [Basic]
   clerical spells    [Unskilled]
   escape spells      [Unskilled]
   matter spells      [Unskilled]

Voluntary challenges:
 Character rerolling was not enabled.
 You never genocided any monsters.
 You never polymorphed an object.
 You never changed form.
 You used no wishes.
Achievements:
 You attained the rank of Conjurer.
 You entered a shop.
 You read from a Discworld novel.
 You entered the Gnomish Mines.

 The Dungeons of Doom: levels 1 to 3
    Level 1:
       An altar to Thoth, some fountains.
    Level 2:
       A fountain.
    Level 3:
       A bookstore.
       Stairs down to The Gnomish Mines.
 The Gnomish Mines: levels 4 to 5
    Level 4:
    Level 5: <- You were here.
       Final resting place for
          you, killed by a hill orc.


Vanquished creatures:
  a yellow light
  2 gnome leaders
  2 dwarves
  a kobold shaman
  a dwarf zombie
 an iguana
  2 acid blobs
  2 coyotes
  a hobbit
  a large kobold
 12 gnomes
  a gecko
  5 jackals
  2 kobolds
  2 goblins
  3 sewer rats
  5 grid bugs
  4 lichens
  3 kobold zombies
  5 newts
56 creatures vanquished.

No species were genocided or became extinct.

Game over:
                       ----------
                      /          \
                     /    REST    \
                    /      IN      \
                   /     PEACE      \
                  /                  \
                  |      Grufus      |
                  |      57 Au       |
                  | killed by a hill |
                  |       orc        |
                  |                  |
                  |                  |
                  |       2026       |
                 *|     *  *  *      | *
        _________)/\\_//(\/(/\)/\//\/|_)_______

Goodbye Grufus the Wizard...

You died in The Gnomish Mines on dungeon level 5 with 1052 points,
and 57 pieces of gold, after 2196 moves.
You were level 5 with a maximum of 43 hit points when you died.

